cohdb
Replays
Latest Replays
All Replays
Popular Replays
Top Player Replays
Match Explorer
How It Works
Community
CoH3 Stats
Reddit
Sign in to upload your games and track your stats! →
Sign in with Steam
Match 46291332
Unlisted
Match 46291332
Overview
Messages
Build Orders
End
Engineer Squad
Construct Weapon Support Center
Selects Advanced Infantry Battlegroup
M1919 Machine Gun Team
Scout Squad
M1919 Machine Gun Team
Sniper
Selects Artillery Observers
Construct Medical Station
.30 cal Machine Gun
Infantry Support Center
Bazooka Squad
Bazooka Squad
Improved M9 Bazooka Rockets
Advanced Logistics
Survival Training
Selects M2A1 105mm Howitzer Emplacement
Selects Free Fire Drills
Engineer Squad
M1919 Machine Gun Team
Bazooka Squad
.30 cal Machine Gun
M1919 Machine Gun Team
M1919 Machine Gun Team
Bazooka Squad
Bazooka Squad
Brick_man
t. Alberto Barbosa
Gawr Gura's Top Shrimp
BananaInPajamas
欧阳黑奔
DreAm
0
0
Comments
sign in to comment!
No comments posted yet!